 Dungeon Crawl Stone Soup version 0.30.0-29-ga12c61a403 (webtiles) character file.

Game seed: 17193924942403186637

54 AgateBread the Ruffian (level 3, -1/31 HPs)
             Began as a Ghoul Reaver on June 23, 2023.
             Killed from afar by Sigmund (15 damage)
             ... with a bolt of dispelling energy
             ... on level 2 of the Dungeon.
             The game lasted 00:10:18 (1276 turns).

AgateBread the Ruffian (Ghoul Reaver)               Turns: 1276, Time: 00:10:19

Health: -1/31      AC:  8    Str: 21      XL:     3   Next: 91%
Magic:  0/4        EV: 11    Int:  9 (10) God:
Gold:   39         SH:  0    Dex:  7      Spells: 4/5 levels left

rFire   . .          .
                       - Unarmed
rCold   + . .        (no shield)
rNeg    + + +        a - +0 leather armour
rPois   ∞            s - +0 helmet
rElec   .            (no cloak)
rCorr   .            (no gloves)
SInv    .            (no boots)
Will    .....        o - amulet of guardian spirit Stlth
                     g - +6 ring of strength
HPRegen 0.00/turn    h - +4 ring of protection
MPRegen 0.09/turn

%: guardian spirit
@: confused, inhibited regen, hasted (expiring), very quick
A: claws 1, cold resistance 1, negative energy resistance 3, inhibited
regeneration, torment resistance 2, devour on kill
a: no special abilities


You were on level 2 of the Dungeon.
You visited 1 branch of the dungeon, and saw 2 of its levels.

You collected 39 gold pieces.

Inventory:

Missiles
 e - 15 stones
 t - 3 javelins
Armour
 a - a +0 leather armour (worn)
 i - a +0 scale mail
 l - a +0 ring mail
 m - a +0 chain mail
 s - a +0 helmet (worn)
Jewellery
 g - a +6 ring of strength (left claw)
 h - a +4 ring of protection (right claw)
 o - an amulet of guardian spirit (around neck)
Wands
 r - a wand of paralysis (9) (quivered)
Scrolls
 d - a scroll of identify {unknown}
 f - a scroll of fear {unknown}
 k - a scroll of vulnerability {unknown}
 n - 2 scrolls of immolation
 p - a scroll of noise {unknown}
Potions
 c - a potion of haste
 j - a potion of magic {unknown}
 q - a potion of flight {unknown}
 u - a potion of curing {unknown}


   Skills:
 + Level 3.1 Fighting
 + Level 0.0 Armour
 - Level 1.7 Dodging
 + Level 4.0 Unarmed Combat
 - Level 1.7 Spellcasting
 - Level 2.4 Conjurations
 - Level 1.8 Necromancy


You had 4 spell levels left.
You knew the following spells:

 Your Spells              Type           Power      Damage    Failure   Level
a - Kiss of Death         Conj/Necr      16%        2d6       17%         1

Your spell library contained the following spells:

 Spells                   Type           Power      Damage    Failure   Level
 Summon Small Mammal      Summ           0%         N/A       36%         1
 Momentum Strike          Conj/Tloc      4%         3d8       36%         2
 Hailstorm                Conj/Ice       2%         3d3       58%         3
 Vhi's Electric Charge    Tloc/Air       0%         N/A       75%         3
 Arcjolt                  Conj/Air       1%         1d11      100%        5
 Plasma Beam              Fire/Air       0%         2x1d11    100%        6


Dungeon Overview and Level Annotations

Branches:
Dungeon (2/15)

Altars:

Annotations:
D:2 Sigmund


Innate Abilities, Weirdness & Mutations

You are immune to poison.
You have sharp fingernails.
Your flesh is cold resistant. (rC+)
You are immune to negative energy. (rN+++)
You do not regenerate when monsters are visible.
You are immune to unholy pain and torment.
You thrive by killing the living.


Message History

You continue putting on your +0 helmet. x2
You finish putting on your +0 helmet.
Things that are here:
a +0 dagger; a goblin corpse You see here a +0 dagger.
You see here a hobgoblin corpse.
You see here a quokka corpse.
t - 3 javelins A goblin comes into view.
It is wielding a +0 dagger.
The goblin shouts!
The goblin closely misses you.
You claw the goblin!
You kill the goblin!
Things that are here:
a +0 dagger; a goblin corpse
Found a puce potion.
u - a puce potion
Okay, then.
Okay, then.
A kobold comes into view. It is wielding a +0 whip.
Sigmund shouts!
The kobold shouts!
Sigmund zaps a wand.
The bolt of dispelling energy hits you!
Aiming: Paralyse
Press: ? - help, Q - select action, (/) - cycle Shift-Dir - straight line, f - Sigmund
Aim: Sigmund, wielding a +0 scythe, wearing a +2 robe of fire resistance and carrying a wand of quicksilver (8) (chance to affect: 57%) Sigmund resists with significant effort.
Sigmund points at you and mumbles some strange words.
You are confused.
A rat comes into view.
Okay, then.
You bump into the rock wall.
It was a potion of mutation.
You feel extremely strange.
Your body decomposes!
You feel dopey. Sigmund gestures at you while chanting.
The puff of flame hits you.
It was a potion of haste.
You feel yourself speed up.
Sigmund zaps a wand.
The bolt of dispelling energy hits you!
Your magical effects are unravelling.
You die...

......# #.. ##... #.##### ..# #
#.# #..## #.# #.# #.###.###.##
#.# ### #r# #.#...#...# #.# #..
##.####...#...### #.## #.#
#.K.........### #..##
#.###..#####....## ### #...#
#.##....####.#...####.. #...#
###.....@..^##.###.†..#.#
#)..#####.....###.#.@..######..)#
#.........##### #.#.......####...
#...####### #...#[>..........
#...# . ...#<...#......# #...# .#
##.#.....†>#..## ###.# ##.#
#......)..###..# #.# ...
#...#.......###.# #.# ###.####
...#......##......


You could see Sigmund, a kobold and a rat.

Vanquished Creatures
  Robin (D:2)
  A worm (D:2)
  4 ball pythons (D:1)
  4 endoplasms
  12 goblins
  5 hobgoblins
  2 jackals (D:1)
  3 kobolds
  A quokka (D:2)
  A bat (D:1)
  4 rats
38 creatures vanquished.

Notes
Turn   | Place    | Note
-------+----------+-------------------------------------------
     0 | D:1      | AgateBread the Ghoul Reaver began the quest for the Orb.
     0 | D:1      | Reached XP level 1. HP: 17/17 MP: 2/2
   171 | D:1      | Reached XP level 2. HP: 25/25 MP: 3/3
   298 | D:1      | Reached skill level 1 in Necromancy
   684 | D:1      | Found a faded altar of an unknown god.
   700 | D:1      | Got Plato's Almanac of the Entourage
   913 | D:2      | Reached XP level 3. HP: 30/30 MP: 4/4
   941 | D:2      | Noticed Sigmund
  1171 | D:2      | Noticed Robin
  1185 | D:2      | Killed Robin
  1186 | D:2      | Reached skill level 4 in Unarmed Combat
  1276 | D:2      | Killed from afar by Sigmund

Illustrated notes

Levels and vault maps discovered:
D:1:      roderic_crossed_star, layout_loops_ring,
          shapermc_ecumenical_altar_rom_forum
D:2:      layout_rooms, serial_bayou_lagoon_a, uniq_robin, uniq_sigmund

Skill      XL: |  1  2  3 |
---------------+----------+-----
Necromancy     | 1 |  1.8
Fighting       | 3 |  3.1
Unarmed Combat | 4 |  4.0
Dodging        | |  1.7
Spellcasting   | |  1.7
Conjurations   | |  2.4

Action                     || total
---------------------------++-------
  Melee: Unarmed           ||    98
         Punch             ||     1
  Throw: Javelin           ||     3
         Stone             ||     1
  Evoke: Wand              ||     1
    Use: Scroll            ||     1
         Potion            ||     2
 Armour: Leather armour    ||    22
  Dodge: Dodged            ||    56
